 Seeded DCSS version 0.28-b1-1-g3c77fb2 (webtiles) character file.

Game seed: 20220128 (custom seed)

48 Ayyar the Vexing (level 3, -2/28 HPs)
             Began as a Gnoll Arcane Marksman on Jan 28, 2022.
             Slain by Grinder (6 damage)
             ... on level 3 of the Dungeon.
             The game lasted 00:07:19 (2685 turns).

Ayyar the Vexing (Gnoll Arcane Marksman)            Turns: 2685, Time: 00:07:20

Health: -2/28      AC:  3    Str: 11    XL:     3   Next: 72%
Magic:  6/7        EV: 13    Int: 12    God:
Gold:   78         SH:  0    Dex: 12    Spells: 6/7 levels left

rFire   . . .      SeeInvis .   b - +1 whip (elec)
rCold   . . .      Faith    .   (no shield)
rNeg    . . .      Spirit   .   e - +0 leather armour
rPois   .          Reflect  .   (no helmet)
rElec   .          Harm     .   (no cloak)
rCorr   .          Rampage  .   (no gloves)
Will    .....                   (no boots)
Stlth   +.........              (no amulet)
HPRegen 0.09/turn               (no ring)
MPRegen 0.10/turn               (no ring)

@: no status effects
A: fangs 1, strong nose, distributed training
a: no special abilities


You were on level 3 of the Dungeon.
You visited 1 branch of the dungeon, and saw 3 of its levels.

You collected 78 gold pieces.

Inventory:

Hand Weapons
 a - a +0 hand crossbow
 b - a +1 whip of electrocution (weapon)
Missiles
 c - 17 bolts
 h - 6 boomerangs (quivered)
Armour
 d - a +0 robe
 e - a +0 leather armour (worn)
 i - a +0 scale mail
Scrolls
 f - 2 scrolls of enchant weapon {unknown}
 g - a scroll of identify {unknown}
 k - a scroll of noise {unknown}
 n - a scroll of enchant armour {unknown}
Potions
 j - a potion of might {unknown}
 l - a potion of attraction {unknown}
 m - 2 potions of mutation {unknown}
 o - a potion of brilliance {unknown}


   Skills:
 + Level 2.6 Fighting
 + Level 0.9 Short Blades
 + Level 0.9 Long Blades
 + Level 0.9 Axes
 + Level 0.9 Maces & Flails
 + Level 0.9 Polearms
 + Level 0.9 Staves
 + Level 0.9 Slings
 + Level 0.9 Bows
 + Level 4.5 Crossbows
 + Level 0.9 Throwing
 + Level 0.9 Armour
 + Level 4.5 Dodging
 + Level 0.9 Stealth
 + Level 0.9 Shields
 + Level 0.9 Unarmed Combat
 + Level 2.8 Spellcasting
 + Level 0.6 Conjurations
 + Level 5.4 Hexes
 + Level 0.6 Summonings
 + Level 0.6 Necromancy
 + Level 0.6 Translocations
 + Level 0.6 Transmutations
 + Level 0.6 Fire Magic
 + Level 0.6 Ice Magic
 + Level 0.6 Air Magic
 + Level 0.6 Earth Magic
 + Level 0.6 Poison Magic
 + Level 1.0 Invocations
 + Level 0.9 Evocations


You had 6 spell levels left.
You knew the following spells:

 Your Spells              Type           Power      Damage    Failure   Level
a - Slow                  Hex            56%        N/A       3%          1

Your spell library contained the following spells:

 Spells                   Type           Power      Damage    Failure   Level
 Inner Flame              Hex/Fire       9%         N/A       28%         3
 Portal Projectile        Hex/Tloc       18%        N/A       28%         3
 Cause Fear               Hex            7%         N/A       34%         4
 Static Discharge         Conj/Air       3%         N/A       36%         2
 Dispel Undead            Necr           3%         3d7       94%         4
 Sticky Flame             Conj/Fire      3%         2d3       94%         4


Dungeon Overview and Level Annotations

Branches:
Dungeon (3/15)

Altars:

Annotations:
D:3 Grinder


Innate Abilities, Weirdness & Mutations

You have very sharp teeth.
Your uncanny sense of smell can sniff out nearby items.
Your experience applies equally to all skills.


Message History

Magic restored.
You start resting.
HP restored.
You climb downwards.
Level annotation: Grinder
There is a stone staircase leading up here.
Casting: Slow (safe; 3% risk of failure)
Confirm with . or Enter, or press ? or * to list all spells.
Aiming: Slow (safe; 3% risk of failure)
Press: ? - help, Shift-Dir - straight line, f - Grinder
Aim: Grinder (chance to affect: 53%) Grinder resists with significant effort.
Grinder blinks!
Casting: Slow (safe; 3% risk of failure)
Confirm with . or Enter, or press ? or * to list all spells.
Aiming: Slow (safe; 3% risk of failure)
Press: ? - help, Shift-Dir - straight line, f/p - Grinder
Aim: Grinder (chance to affect: 53%) Grinder seems to slow down.
Grinder gestures at you.
You suddenly lose the ability to move!
Grinder hits you!
You can move again.
You closely miss Grinder. Grinder hits you.
You writhe in agony.
You hit Grinder but do no damage. You hit Grinder.
Grinder is lightly wounded.
Grinder barely misses you.
You hit Grinder but do no damage. Your bite misses Grinder.
Grinder is lightly wounded.
You barely miss Grinder.
Grinder is lightly wounded.
Grinder hits you.
You writhe in agony.
* * * LOW HITPOINT WARNING * * *
You completely miss Grinder.
Grinder is lightly wounded.
Grinder hits you.
* * * LOW HITPOINT WARNING * * *
You writhe in agony.
You die...

.g.#..#
..###.#..###
...........#
#######.#.##
### #.#.# #.#
#.#.# #.# ###
###.#..
#.###.#
#...###
#<@5..# #.###
#####.####.#
#.#....##
#)#.#)..#
#.#.#...#
#.......#
#.......####
###.#........#
#...#...#.##.#


You could see Grinder (slow).

Vanquished Creatures
  A worm (D:2)
  A dart slug (D:2)
  4 orcs (D:3)
  5 ball pythons
  A bat (D:1)
  4 endoplasms
  2 giant cockroaches
  A goblin (D:1)
  4 hobgoblins
  5 kobolds
  3 quokkas
  A frilled lizard (D:2)
  3 rats
35 creatures vanquished.

Notes
Turn   | Place    | Note
-------+----------+-------------------------------------------
     0 | D:1      | Ayyar the Gnoll Arcane Marksman began the quest for the
                  | Orb.
     0 | D:1      | Reached XP level 1. HP: 17/17 MP: 4/4
   566 | D:1      | Found a faded altar of an unknown god.
   582 | D:1      | Reached XP level 2. HP: 15/23 MP: 5/5
  1568 | D:2      | Reached XP level 3. HP: 28/28 MP: 7/7
  1903 | D:2      | Reached skill level 1 in Invocations
  2474 | D:3      | Noticed Grinder
  2477 | D:3      | Paralysed by Grinder for 3 turns
  2674 | D:3      | Paralysed by Grinder for 6 turns
  2685 | D:3      | Slain by Grinder

Illustrated notes

Levels and vault maps discovered:
D:1:      wander_arrival_abandoned_jail, layout_basic,
          dreamdust_ecumenical_altar_grove, grunt_decor_one_mirror,
          hex_intersection
D:2:      layout_loops_cross
D:3:      layout_basic, kiku_gazebo_pond_becter, uniq_jessica, uniq_grinder

Skill      XL: |  1  2  3 |
---------------+----------+-----
Invocations    | 1 |  1.0
Fighting       | |  2.6
Short Blades   | |  0.9
Long Blades    | |  0.9
Axes           | |  0.9
Maces & Flails | |  0.9
Polearms       | |  0.9
Staves         | |  0.9
Slings         | |  0.9
Bows           | |  0.9
Crossbows      | |  4.5
Throwing       | |  0.9
Armour         | |  0.9
Dodging        | |  4.5
Stealth        | |  0.9
Shields        | |  0.9
Unarmed Combat | |  0.9
Spellcasting   | |  2.8
Conjurations   | |  0.6
Hexes          | |  5.4
Summonings     | |  0.6
Necromancy     | |  0.6
Translocations | |  0.6
Transmutations | |  0.6
Fire Magic     | |  0.6
Ice Magic      | |  0.6
Air Magic      | |  0.6
Earth Magic    | |  0.6
Poison Magic   | |  0.6
Evocations     | |  0.9

Action                   || total
-------------------------++-------
Melee: Whip              ||    96
       Bite              ||     9
 Fire: Hand crossbow     ||    22
Throw: Boomerang         ||    48
 Cast: Slow              ||    12
Armor: Leather armour    ||    10
Dodge: Dodged            ||    56
